 Dungeon Crawl Stone Soup version 0.29-a0-559-g359e09b9d1 (webtiles) character file.

Game seed: 6514845021875359222

1080 magipi the Poker (level 8, -1/103 HPs)
             Began as a Gargoyle Berserker on June 9, 2022.
             Was a Believer of Trog.
             Slain by an orc wizard
             ... wielding a +0 dagger
              (3 damage)
             ... on level 6 of the Dungeon.
             The game lasted 00:18:17 (6230 turns).

magipi the Poker (Gargoyle Berserker)               Turns: 6230, Time: 00:18:17

Health: -1/103     AC: 24    Str: 21    XL:     8   Next: 29%
Magic:  0/8        EV:  2    Int:  8    God:    Trog [**....]
Gold:   201        SH:  0    Dex: 17    Spells: 7/7 levels left

rFire   . . .      SeeInvis .   b - +0 scythe
rCold   . . .      Faith    .   (shield currently unavailable)
rNeg    + . .      Spirit   +   (body armour currently unavailable)
rPois   ∞          Reflect  .   (helmet currently unavailable)
rElec   .          Harm     .   (cloak currently unavailable)
rCorr   .          Rampage  .   (gloves currently unavailable)
Will    .....      NoTele   +   (boots currently unavailable)
Stlth   ..........              r - amulet of guardian spirit
HPRegen 0.27/turn               m - ring of flight
MPRegen 0.11/turn               v - +6 ring of dexterity

@: berserking (expiring), tree-form (expiring), very quick
A: stationary, stasis, torment immunity, boosted hp, sickness immunity, AC +5,
negative energy resistance 1, (electricity resistance), torment resistance 1,
petrification resistance
a: Renounce Religion, Berserk, Trog's Hand


You were on level 6 of the Dungeon.
You worshipped Trog.
Trog was pleased with you.
You were a tree.
You visited 1 branch of the dungeon, and saw 6 of its levels.

You collected 318 gold pieces.
You spent 117 gold pieces at shops.

Inventory:

Hand Weapons
 a - a +0 spear
 b - a +0 scythe (weapon)
   (You took it off Sigmund on level 3 of the Dungeon)
Missiles
 e - 8 poisoned darts (quivered)
 f - 4 curare-tipped darts
 u - 2 boomerangs
 F - 3 throwing nets
Armour
 d - a +0 chain mail of fire resistance
   (You found it on level 1 of the Dungeon)
 k - the +1 ring mail of the Orb Guardian (melded) {Fly rF+ Slay+2 SInv}
   (You found it on level 3 of the Dungeon)

   Slay:      It affects your accuracy & damage with ranged weapons and melee
   (+2).
   rF:        It protects you from fire.
   SInv:      It lets you see invisible.
   Fly:       It grants you flight.
 w - a +1 helmet (melded)
   (You found it on level 4 of the Dungeon)
 A - a +1 cloak (melded)
   (You found it on level 4 of the Dungeon)
Jewellery
 m - a ring of flight (left branch)
   (You found it on level 2 of the Dungeon)
 r - an amulet of guardian spirit (around neck)
   (You found it on level 3 of the Dungeon)
 v - a +6 ring of dexterity (right branch)
   (You found it on level 4 of the Dungeon)
Wands
 x - a wand of paralysis (3)
   (You found it on level 4 of the Dungeon)
 z - a wand of flame (11)
   (You bought it in a shop on level 4 of the Dungeon)
Scrolls
 i - a scroll of torment
 n - 2 scrolls of fog {unknown}
 q - a scroll of poison {unknown}
 s - a scroll of amnesia {unknown}
 y - a scroll of teleportation
 B - a scroll of blinking {unknown}
 C - 2 scrolls of silence {unknown}
 D - 2 scrolls of vulnerability {unknown}
 E - a scroll of magic mapping {unknown}
 H - a scroll of enchant armour {unknown}
Potions
 c - a potion of ambrosia
 h - a potion of resistance
 t - a potion of might {unknown}
 G - a potion of berserk rage {unknown}


   Skills:
 - Level 3.2 Fighting
 + Level 7.3 Polearms
 + Level 3.3 Throwing
 + Level 3.4 Armour
 - Level 1.5 Dodging
 + Level 2.9 Evocations


You had 7 spell levels left.
You didn't know any spells.
Your spell library contained the following spells:

 Spells                   Type           Power      Damage    Failure   Level
 Apportation              Tloc           0%         N/A       41%         1
 Necrotize                Necr           0%         1d4       41%         1
 Summon Small Mammal      Summ           0%         N/A       41%         1
 Call Canine Familiar     Summ           0%         N/A       78%         3
 Summon Guardian Golem    Hex/Summ       0%         N/A       78%         3
 Dispersal                Tloc           0%         N/A       100%        6
 Disjunction              Tloc           0%         N/A       100%        8


Dungeon Overview and Level Annotations

Branches:
Dungeon (6/15)             Temple (0/1) D:5

Altars:
Ru
Trog

Shops:
D:4 *


Innate Abilities, Weirdness & Mutations

You are a tree.
Your roots penetrate the ground, keeping you stationary.
You cannot be teleported.
You are immune to unholy pain and torment.
Your maximum health is greatly increased.
Your equipment is partially melded.
You are immune to sickness and miasma.
((Your stone body is resilient. (AC +5)))
You are immune to poison.
You resist negative energy. (rN+)
((You are resistant to electric shocks. (rElec)))
You are resistant to unholy torment.
You are immune to petrification.


Message History

Your roots penetrate the ground.
You feel less confused. Something hits you but does no damage.
Deactivating autopickup; reactivate with Ctrl-A.
The orc warrior hits you from afar with a +0 halberd.
Unknown command.
You fail to use your ability.
Something hits you but does no damage.
The orc warrior hits you from afar with a +0 halberd!
* * * LOW HITPOINT WARNING * * *
Unknown command.
It was a potion of heal wounds.
You feel much better. Something hits you but does no damage.
The orc warrior hits you but does no damage.
Reach: b) +0 scythe
Press: ? - help, Dir - move target, f - orc warrior, p - orc
Aim: an orc warrior, wielding a +0 halberd and wearing a +0 chain mail (about 48% to evade your +0 scythe)
Something you can't see is in the way.
You closely miss something. Something hits you but does no damage.
The orc warrior hits you from afar with a +0 halberd.
The orc warrior hits you but does no damage.
Something hits you.
Reach: b) +0 scythe
Press: ? - help, Dir - move target, f/p - orc warrior
Aim: an orc warrior, wielding a +0 halberd and wearing a +0 chain mail (about 48% to evade your +0 scythe)
You reach to attack!
You hit the orc warrior but do no damage.
Something hits you but does no damage.
The orc warrior hits you from afar with a +0 halberd.
* * * LOW HITPOINT WARNING * * *
Unknown command.
A red film seems to cover your vision as you go berserk!
You feel yourself moving faster!
You feel mighty! Something hits you but does no damage.
The orc warrior hits you but does no damage.
Unknown command.
Unknown command.
You cannot move.
You cannot move.
You cannot move.
You cannot move.
You cannot move.
You cannot move.
Reach: b) +0 scythe
Press: ? - help, Dir - move target, f/p - orc warrior
Aim: an orc warrior, wielding a +0 halberd and wearing a +0 chain mail (about 48% to evade your +0 scythe)
Something you can't see is in the way.
You miss something. Something hits you but does no damage.
The orc warrior hits you from afar with a +0 halberd!
* * * LOW HITPOINT WARNING * * *
Unknown command.
Unknown command.
Reach: b) +0 scythe
Press: ? - help, Dir - move target, f/p - orc warrior
Aim: an orc warrior, wielding a +0 halberd and wearing a +0 chain mail (about 48% to evade your +0 scythe)
Something you can't see is in the way.
You barely miss something. Something hits you but does no damage.
The orc warrior hits you but does no damage.
The orc warrior hits you from afar with a +0 halberd.
* * * LOW HITPOINT WARNING * * *
Something hits you but does no damage.
Reach: b) +0 scythe
Press: ? - help, Dir - move target, f/p - orc warrior
Aim: an orc warrior, wielding a +0 halberd and wearing a +0 chain mail (about 48% to evade your +0 scythe)
You reach to attack!
You closely miss the orc warrior.
The orc warrior hits you from afar with a +0 halberd!!
* * * LOW HITPOINT WARNING * * *
You hear some strange, mumbled words.
A magic dart appears from out of thin air!
The magic dart hits you but does no damage.
Reach: b) +0 scythe
Press: ? - help, Dir - move target, f/p - orc warrior
Aim: an orc warrior, wielding a +0 halberd and wearing a +0 chain mail (about 48% to evade your +0 scythe)
You reach to attack!
You barely miss the orc warrior.
Your transformation is almost over.
Something hits you but does no damage.
The orc warrior hits you from afar with a +0 halberd.
* * * LOW HITPOINT WARNING * * *
Reach: b) +0 scythe
Press: ? - help, Dir - move target, f/p - orc warrior
Aim: an orc warrior, wielding a +0 halberd and wearing a +0 chain mail (about 48% to evade your +0 scythe)
You reach to attack!
You closely miss the orc warrior.
The orc warrior hits you but does no damage.
You hear some strange, mumbled words.
A magic dart appears from out of thin air!
The magic dart hits you but does no damage.
Unknown command.
Reach: b) +0 scythe
Press: ? - help, Dir - move target, f/p - orc warrior
Aim: an orc warrior, wielding a +0 halberd and wearing a +0 chain mail (about 48% to evade your +0 scythe)
You reach to attack!
You hit the orc warrior but do no damage.
The orc warrior barely misses you. Something hits you but does no damage.
Unknown command.
Reach: b) +0 scythe
Press: ? - help, Dir - move target, f/p - orc warrior
Aim: an orc warrior, wielding a +0 halberd and wearing a +0 chain mail (about 48% to evade your +0 scythe)
Something you can't see is in the way.
You barely miss something.
The orc warrior hits you but does no damage.
Something hits you.
You die...

.# .# ###.#
######...####.
#.<...........
#.####.#.####.
#.# #.# # #.#
#.# #♣# #.#
#{# #.# #o#
#.# #{# #.#
#o# #.# #o#
#.# #..# ##.#
.#


You could see an orc warrior and 2 orcs.

Vanquished Creatures
  Sigmund (D:3)
  Eustachio (D:4)
  Edmund (D:5)
  2 ice beasts
  A necrophage (D:3)
  2 orc priests
  A gnoll shaman (D:4)
  2 hounds
  An iguana (D:4)
  An orc wizard (D:5)
  6 gnolls
  6 adders
  A white imp (D:5)
  2 worms
  2 dart slugs
  12 orcs
  6 endoplasms
  5 giant cockroaches
  10 goblins
  2 hobgoblins
  4 jackals
  2 quokkas
  6 ball pythons
  11 bats
  7 frilled lizards
  10 kobolds
  6 rats
111 creatures vanquished.

Notes
Turn   | Place    | Note
-------+----------+-------------------------------------------
     0 | D:1      | magipi the Gargoyle Berserker began the quest for the Orb.
     0 | D:1      | Reached XP level 1. HP: 14/14 MP: 1/1
    93 | D:1      | Reached skill level 3 in Polearms
   364 | D:1      | Reached XP level 2. HP: 14/19 MP: 2/2
  1115 | D:1      | Reached XP level 3. HP: 23/23 MP: 3/3
  1815 | D:2      | Found a faded altar of an unknown god.
  1838 | D:2      | Reached skill level 4 in Polearms
  1962 | D:2      | Reached ** piety under Trog
  1969 | D:2      | Reached XP level 4. HP: 28/28 MP: 4/4
  2278 | D:3      | Noticed Sigmund
  2463 | D:3      | Noticed a necrophage
  2481 | D:3      | Killed a necrophage
  2482 | D:3      | Reached skill level 5 in Polearms
  2482 | D:3      | Reached XP level 5. HP: 21/32 MP: 5/5
  2606 | D:3      | Identified the +1 ring mail of the Orb Guardian {Fly rF+
                  | Slay+2 SInv}
  2694 | D:3      | Killed Sigmund
  2695 | D:3      | Reached skill level 6 in Polearms
  2695 | D:3      | Reached XP level 6. HP: 37/37 MP: 6/6
  3527 | D:4      | Noticed Eustachio
  3932 | D:4      | Reached skill level 1 in Throwing
  4045 | D:5      | Entered Level 5 of the Dungeon
  4225 | D:4      | Killed Eustachio
  4226 | D:4      | Reached skill level 1 in Evocations
  4226 | D:4      | Reached XP level 7. HP: 38/41 MP: 5/7
  4314 | D:3      | Reached skill level 7 in Polearms
  4383 | D:4      | Found Woplesoa's Elemental Accessories.
  4394 | D:4      | Bought a wand of flame (16) for 117 gold pieces
  4919 | D:5      | Identified the +8 mace of Yphoeg {freeze, rC+}
  5258 | D:5      | Reached XP level 8. HP: 46/46 MP: 4/8
  5530 | D:5      | Found a bloodstained altar of Trog.
  5695 | D:5      | Noticed Edmund
  5715 | D:5      | Killed Edmund
  6029 | D:5      | Found a staircase to the Ecumenical Temple.
  6117 | D:5      | Found a sacrificial altar of Ru.
  6226 | D:6      | HP: 5/103 [orc warrior/+0 halberd (17)]
  6227 | D:6      | HP: 1/103 [orc warrior/+0 halberd (4)]
  6230 | D:6      | Slain by an orc wizard

Illustrated notes

Levels and vault maps discovered:
D:1:      lemuel_arrival_river_bridge, layout_loops_ring
D:2:      layout_rooms, ebering_ecumenical_altar_box, minmay_pentomino_pile
D:3:      layout_loops_cross, corexii_hall_statues_x, minmay_misc_feat_iff,
          uniq_sigmund
D:4:      layout_cave_pods, hangedman_decor_diamond_cutter,
          nicolae_elemental_shop, uniq_eustachio
D:5:      layout_loops_cross, mainiacjoe_overflow_alcove_4,
          mainiacjoe_overflow_brackets, minmay_temple_entry_poolview,
          bh_walls_and_bars, uniq_edmund
D:6:      layout_loops_ring, fiery_altar_vehumet

Skill      XL: |  1  2  3  4  5  6  7  8 |
---------------+-------------------------+-----
Polearms       | 3 4 5 6 7 |  7.3
Throwing       | 1 2 3 |  3.3
Evocations     | 1 2 |  2.9
Armour         | 3 |  3.4
Fighting       | |  3.2
Dodging        | |  1.5

Action                   |  1- 3 |  4- 6 |  7- 9 || total
-------------------------+-------+-------+-------++-------
Melee: Spear             |   191 |    78 |       ||   269
       Scythe            |       |    65 |   100 ||   165
Invok: Berserk           |     6 |     4 |     7 ||    17
       Trog's Hand       |       |     3 |       ||     3
Evoke: Wand              |       |       |     5 ||     5
  Use: Scroll            |       |     3 |     3 ||     6
       Potion            |       |       |     2 ||     2
 Stab: Distracted        |       |     1 |       ||     1
Armor: Animal skin       |    28 |       |       ||    28
       Chain mail        |    44 |    35 |       ||    79
       Ring mail         |       |    70 |    46 ||   116
       Skin              |       |       |    19 ||    19
Dodge: Dodged            |    64 |   111 |    54 ||   229

Table legend: (Time is in decaauts)
 A = Elapsed time spent in this place.
 B = Non-inter-level travel time spent in this place.
 C = Inter-level travel time spent in this place.
 D = Time resting spent in this place.
 E = Time spent auto-exploring this place.
 F = Levels seen in this place.
 G = Mean time per level.
                   A        B        C        D        E       F      G
               +--------+--------+--------+--------+--------+-----+--------+
         Total |   6469 |   6215 |    254 |   1364 |   2908 |   6 | 1078.2 |
       Dungeon |   6469 |   6215 |    254 |   1364 |   2908 |   6 | 1078.2 |
               +--------+--------+--------+--------+--------+-----+--------+

Top non-repeatable levels by time:
     D:1: 1577 daAuts
     D:5: 1529 daAuts
     D:4: 1429 daAuts
     D:3: 1114 daAuts
     D:2: 764 daAuts
     D:6: 54 daAuts
